 Dungeon Crawl Stone Soup version 0.30-a0-996-ga6910c8ee8 (webtiles) character file.

Game seed: 2414803176474184070

703 lessens the Basher (level 7, -1/61 HPs)
             Began as a Gargoyle Chaos Knight on Apr 4, 2023.
             Was a Plaything of Xom.
             Slain by an orc
             ... wielding a +0 hand axe
              (3 damage)
             ... on level 5 of the Dungeon.
             The game lasted 00:07:23 (4333 turns).

lessens the Basher (Gargoyle Chaos Knight)          Turns: 4333, Time: 00:07:24

Health: -1/61      AC:  5    Str: 22    XL:     7   Next: 66%
Magic:  0/7        EV: 11    Int: 11    God:    Xom [......]
Gold:   178        SH:  2    Dex:  8    Spells: 6/6 levels left

rFire   . . .      SeeInvis .    a - +1 mace (flame)
rCold   . . .      Faith    .    h - +0 buckler
rNeg    + . .      Spirit   +    (no body armour)
rPois   ∞          Reflect  .    (no helmet)
rElec   +          Rampage  .    d - +0 cloak
rCorr   .          Rage     3%   (no gloves)
Will    .....                    (no boots) Stlth
                                 w - amulet of guardian spirit
HPRegen 0.30/turn                (no ring)
MPRegen 0.10/turn                (no ring)

@: berserking, weak-willed, very quick
A: sickness immunity, AC +4, negative energy resistance 1, electricity
resistance, torment resistance 1, petrification resistance, berserk 1, deformed
body, strong 1, sturdy frame 1
a: Renounce Religion


You were on level 5 of the Dungeon.
You worshipped Xom.
You were a very special plaything of Xom.
You visited 1 branch of the dungeon, and saw 5 of its levels.

You collected 178 gold pieces.

Inventory:

Hand Weapons
 a - a +1 mace of flaming (weapon)
Missiles
 f - 5 poisoned darts
 j - a throwing net
 l - 27 stones (quivered)
 u - a boomerang
 D - 5 curare-tipped darts
Armour
 b - a +2 leather armour
 d - a +0 cloak (worn)
 h - a +0 buckler (worn)
Jewellery
 w - an amulet of guardian spirit (around neck)
Scrolls
 e - a scroll of enchant weapon
 i - a scroll of vulnerability
 k - a scroll of brand weapon
 o - 3 scrolls of identify
 v - a scroll of poison {unknown}
 x - a scroll of immolation {unknown}
 y - a scroll of fog {unknown}
 z - 2 scrolls of magic mapping
 B - a scroll of enchant armour {unknown}
Potions
 g - 2 potions of curing
 m - 4 potions of magic {unknown}
 n - 3 potions of flight {unknown}
 p - 2 potions of degeneration {unknown}
 q - a potion of heal wounds {unknown}
 s - a potion of haste {unknown}
 t - a potion of resistance {unknown}
 A - 2 potions of berserk rage {unknown}
 C - a potion of mutation
Miscellaneous
 c - a piece from Xom's chessboard (13/15)


   Skills:
 - Level 3.2 Fighting
 + Level 8.8 Maces & Flails
 - Level 2.1 Armour
 - Level 0.7 Dodging


You had 6 spell levels left.
You didn't know any spells.
Your spell library contained the following spells:

 Spells                   Type           Power      Damage    Failure   Level
 Summon Small Mammal      Summ           0%         N/A       43%         1
 Blink                    Tloc           0%         N/A       58%         2
 Lesser Beckoning         Tloc           0%         N/A       58%         2
 Momentum Strike          Conj/Tloc      0%         3d8       58%         2
 Call Canine Familiar     Summ           0%         N/A       82%         3
 Summon Guardian Golem    Hex/Summ       0%         N/A       82%         3
 Anguish                  Hex/Necr       0%         N/A       99%         4
 Dispel Undead            Necr           0%         3d6       99%         4
 Summon Lightning Spire   Summ/Air       0%         N/A       99%         4
 Death Channel            Necr           0%         N/A       100%        6
 Enfeeble                 Hex            0%         N/A       100%        7
 Storm Form               Tmut/Air       0%         N/A       100%        7
 Maxwell's Capacitive Co  Air            0%         ∞         100%        8
 Cigotuvi's Dreadful Rot  Necr/Pois/Air  Unusable   N/A       N/A         2

Dungeon Overview and Level Annotations

Branches:
Dungeon (5/15) Zot: 25623  Temple (0/1) D:5

Altars:
Trog
Xom


Innate Abilities, Weirdness & Mutations

You are immune to sickness and miasma.
Your stone body is resilient. (AC +4)
You are immune to poison.
You resist negative energy. (rN+)
You are resistant to electric shocks. (rElec)
You are resistant to unholy torment.
You are immune to petrification.
You sometimes lose your temper in combat.
Armour fits poorly on your strangely shaped body.
Your muscles are strong. (Str +4, Int/Dex -1)
Your movements are slightly less encumbered by armour. (ER -2)


Message History

* * * LOW HITPOINT WARNING * * *
You sock the hound! You burn the hound.
You kill the hound!
The hound bites you.
* * * LOW HITPOINT WARNING * * *
You barely miss the hound. The hound closely misses you.
You sock the hound! You burn the hound.
The hound is heavily wounded.
The hound bites you but does no damage. The hound closely misses you.
You closely miss the hound.
The hound is heavily wounded.
The hound bites you but does no damage.
You barely miss the hound.
The hound is heavily wounded.
The hound bites you but does no damage. You block the hound's attack.
A red film seems to cover your vision as you go berserk!
You feel yourself moving faster!
You feel mighty!
You closely miss the hound.
The hound is heavily wounded.
The hound bites you.
* * * LOW HITPOINT WARNING * * *
You bludgeon the hound!! You burn the hound.
You kill the hound!
You hit the ice beast but do no damage. The ice beast hits you.
* * * LOW HITPOINT WARNING * * *
The ice beast freezes you!
* * * LOW HITPOINT WARNING * * *
You barely miss the ice beast.
You barely miss the ice beast. "There, this looks better."
The ice beast closely misses you.
You sock the ice beast!
You melt the ice beast!
The ice beast is almost dead.
You block the ice beast's attack.
You sock the ice beast!
You melt the ice beast.
You kill the ice beast!
Your piece from Xom's chessboard (13/15) has regained one charge.
You closely miss the orc. You closely miss the orc.
The orc hits you with a +0 hand axe.
You die... "It was about time."

. . ..
..###########
..Y.o.h.h...## ###
......h......###@#
...#######.....o##
### ###....#
##_..# #...# #...#
..#.# ..#### ..#


You could see an orc.

Vanquished Creatures
  An ice beast (D:5)
  An ogre (D:4)
  A howler monkey (D:4)
  4 hounds
  A jelly (D:5)
  An iguana (D:5)
  2 orc wizards
  A gnoll (D:4)
  6 adders
  A worm (D:5)
  2 dart slugs
  9 orcs
  3 ball pythons
  3 endoplasms
  A giant cockroach (D:2)
  10 goblins
  5 hobgoblins
  4 kobolds
  4 quokkas
  4 bats
  5 frilled lizards (D:1)
  3 rats
72 creatures vanquished.

Vanquished Creatures (collateral kills)
  A hound (D:4)
  9 gnolls (D:4)
  A worm (D:4)
  A goblin (D:4)
  A kobold (D:4)
13 creatures vanquished.

Vanquished Creatures (others)
  7 fungi (D:4)
7 creatures vanquished.

Grand Total: 92 creatures vanquished

Notes
Turn   | Place    | Note
-------+----------+-------------------------------------------
     0 | D:1      | lessens the Gargoyle Chaos Knight began the quest for the
                  | Orb.
     0 | D:1      | Reached XP level 1. HP: 14/14 MP: 1/1
    72 | D:1      | XOM: butterfly on damage
   146 | D:1      | Reached XP level 2. HP: 12/19 MP: 2/2
   323 | D:1      | XOM: 4-stop teleportation journey
   522 | D:1      | You fall into a shaft and drop 1 floor!
   557 | D:2      | XOM: 2-stop teleportation journey
   711 | D:2      | Reached skill level 4 in Maces & Flails
   711 | D:2      | Reached XP level 3. HP: 23/23 MP: 3/3
  1419 | D:2      | XOM: blink monster(s)
  1422 | D:2      | XOM: silly message
  1441 | D:2      | Reached XP level 4. HP: 20/28 MP: 4/4
  1610 | D:2      | Reached skill level 5 in Maces & Flails
  2138 | D:3      | Reached XP level 5. HP: 32/32 MP: 5/5
  2233 | D:3      | XOM: stat loss: -1 Int (11/12)
  2410 | D:3      | XOM: stat loss: -1 Dex (8/9)
  2568 | D:3      | Found a bloodstained altar of Trog.
  2647 | D:3      | XOM: give mutations
  2647 | D:3      | Gained mutation: You are dopey. (Int -2) [Xom's mischief]
  2647 | D:3      | Gained mutation: You are clumsy. (Dex -2) [Xom's mischief]
  2647 | D:3      | Gained mutation: Armour fits poorly on your strangely
                  | shaped body. [Xom's mischief]
  2647 | D:3      | Lost mutation: You are dopey. (Int -2) [Xom's mischief]
  2763 | D:3      | XOM: noise
  3012 | D:4      | Noticed an ogre
  3012 | D:4      | XOM: summons 5 friendly demons
  3015 | D:4      | Lost mutation: You are clumsy. (Dex -2) [potion of
                  | mutation]
  3015 | D:4      | Lost mutation: Armour fits poorly on your strangely shaped
                  | body. [potion of mutation]
  3015 | D:4      | Gained mutation: You have a pair of small horns on your
                  | head. [potion of mutation]
  3015 | D:4      | Gained mutation: Your muscles are strong. (Str +4, Int/Dex
                  | -1) [potion of mutation]
  3029 | D:4      | XOM: cloud trail
  3112 | D:4      | XOM: fog
  3116 | D:4      | XOM: butterfly on damage
  3120 | D:4      | Killed an ogre
  3121 | D:4      | Reached skill level 6 in Maces & Flails
  3121 | D:4      | Reached XP level 6. HP: 15/37 MP: 3/6
  3213 | D:4      | XOM: cast spell 'Summon Dragon'
  3237 | D:4      | Reached skill level 7 in Maces & Flails
  3292 | D:4      | XOM: cloud trail
  3302 | D:4      | XOM: polymorph shadow dragon -> iron giant
  3347 | D:4      | Reached XP level 7. HP: 28/41 MP: 5/7
  3647 | D:4      | XOM: god gift: scroll labelled EFAELESTUIRPHU {god gift}
  3762 | D:4      | XOM: cloud trail
  3791 | D:4      | XOM: 6-stop teleportation journey
  4037 | D:5      | Entered Level 5 of the Dungeon
  4042 | D:5      | Found a staircase to the Ecumenical Temple.
  4116 | D:5      | XOM: fog
  4118 | D:5      | Reached skill level 8 in Maces & Flails
  4284 | D:5      | XOM: summons 4 hostile demons
  4310 | D:5      | XOM: give mutations
  4310 | D:5      | Gained mutation: Armour fits poorly on your strangely
                  | shaped body. [Xom's mischief]
  4310 | D:5      | Gained mutation: You sometimes lose your temper in combat.
                  | [Xom's mischief]
  4310 | D:5      | Lost mutation: You have a pair of small horns on your head.
                  | [Xom's mischief]
  4310 | D:5      | Gained mutation: Your movements are slightly less
                  | encumbered by armour. (ER -2) [Xom's mischief]
  4327 | D:5      | HP: 1/61 [ice beast (12)]
  4329 | D:5      | XOM: scenery: create altars
  4333 | D:5      | Slain by an orc

Illustrated notes

Levels and vault maps discovered:
D:1:      sevenhm_arrival_forest_fort_small_5, layout_loops_corners,
          minmay_indecisive_spiral
D:2:      layout_loops_cross
D:3:      layout_basic, lightli_temple_of_fire
D:4:      layout_basic, dreamdust_gnoll_farm
D:5:      layout_layer_cave, minmay_temple_entry_statues_pillars

Skill      XL: |  1  2  3  4  5  6  7 |
---------------+----------------------+-----
Maces & Flails | 4 5 6 7 8 |  8.8
Fighting       | |  3.2
Armour         | |  2.1
Dodging        | |  0.7

Action                     |  1- 3 |  4- 6 |  7- 9 || total
---------------------------+-------+-------+-------++-------
  Melee: Mace              |    91 |   113 |    58 ||   262
         Headbutt          |       |     2 |     7 ||     9
  Throw: Stone             |       |       |     5 ||     5
  Evoke: Piece from Xom's  |     8 |     5 |       ||    13
    Use: Potion            |     1 |     1 |     1 ||     3
         Scroll            |       |       |     6 ||     6
   Stab: Paralysed         |     3 |       |       ||     3
         Confused          |       |     2 |       ||     2
         Sleeping          |       |       |     1 ||     1
 Armour: Leather armour    |    51 |    30 |       ||    81
         Skin              |       |     3 |    15 ||    18
  Dodge: Dodged            |    59 |    55 |    49 ||   163
  Block: Buckler           |     6 |    14 |     5 ||    25

Table legend: (Time is in decaauts)
 A = Elapsed time spent in this place.
 B = Non-inter-level travel time spent in this place.
 C = Inter-level travel time spent in this place.
 D = Time resting spent in this place.
 E = Time spent auto-exploring this place.
 F = Levels seen in this place.
 G = Mean time per level.
                   A        B        C        D        E       F      G
               +--------+--------+--------+--------+--------+-----+--------+
         Total |   4375 |   4177 |    198 |      2 |   3341 |   5 |  875.0 |
       Dungeon |   4375 |   4177 |    198 |      2 |   3341 |   5 |  875.0 |
               +--------+--------+--------+--------+--------+-----+--------+

Top non-repeatable levels by time:
     D:4: 1181 daAuts
     D:1: 1168 daAuts
     D:3: 953 daAuts
     D:2: 777 daAuts
     D:5: 295 daAuts
